 Dungeon Crawl Stone Soup version 0.22-a0-78-g0f8607c (webtiles) character file.

1002020 oplop the Ruinous (level 27, -24/263 HPs)
             Began as an Octopode Ice Elementalist on Jan 15, 2018.
             Was the Champion of Cheibriados.
             Killed from afar by a hellion (26 damage)
             ... with damnation
             ... in Pandemonium on Jan 16, 2018.
             The game lasted 05:55:13 (67224 turns).

oplop the Ruinous (Octopode Ice Elementalist)      Turns: 67224, Time: 05:55:15

Health: -24/263    AC: 42    Str: 26    XL:     27
Magic:  41/55      EV: 35    Int: 59    God:    Cheibriados [******]
Gold:   6281       SH: 22    Dex: 33    Spells: 2/65 levels left

rFire    + + .     SeeInvis +     - Unarmed
rCold    + + .     Gourm    .   E - +5 shield {AC+3}
rNeg     + + +     Faith    .   t - +0 mask of the Dragon {MR+ Slay+3 SInv}
rPois    ∞         Spirit   .   U - amulet of Wumoaf {RegenMP Int+6}
rElec    +         Reflect  .   R - ring of protection from cold
rCorr    .         Harm     .   u - ring of Robustness {AC+8}
MR       ++++.                  X - ring "Lupnaup" {rC+ rN+ MP+9 Str-5 Dex+3}
Stlth    +++.......             k - +6 ring of intelligence
HPRegen  1.53/turn              Z - ring of Omotuesk {rPois rF+ rC+ rN+ Int+3}
MPRegen  0.59/turn              P - +6 ring of intelligence
                                Y - ring of Hyll {Fire rPois rN+++ Str+6 Stlth-}
                                c - ring of protection from magic

@: statue-form, very slightly contaminated, regenerating, invisible, very slow
A: almost no armour, stealthy swim, amphibious, 8 rings, constrict 8, fangs 1,
camouflage 1, blurry vision 1, sense surroundings 1, weak 1
}: 8/15 runes: serpentine, barnacled, silver, iron, obsidian, icy, bone, abyssal
a: End Transformation, Bend Time, Temporal Distortion, Slouch, Step From Time,
Renounce Religion


You were in Pandemonium.
You worshipped Cheibriados.
Cheibriados was exalted by your worship.
You were full.
You were a stone statue.
You visited 15 branches of the dungeon, and saw 77 of its levels.
You visited Pandemonium 1 time, and saw 10 of its levels.
You visited the Abyss 1 time.
You visited 1 bazaar.
You also visited: Labyrinth and Wizlab.

You collected 13177 gold pieces.
You spent 6896 gold pieces at shops.

Inventory:

Armour
 t - the +0 mask of the Dragon (worn) {MR+ Slay+3 SInv}
   (You found it on level 7 of Tartarus)

   It affects your accuracy and damage with ranged weapons and melee attacks
   (+3).
   It affects your resistance to hostile enchantments.
   It lets you see invisible.
 E - a +5 shield of protection (worn)
 I - the +1 hat of Adwiat {rN++ Regen+ Dex-2}
   (You found it on level 4 of the Vaults)

   It affects your dexterity (-2).
   It greatly protects you from negative energy.
   It increases your rate of regeneration.
Magical Staves
 a - an uncursed staff of energy
 b - an uncursed staff of wizardry
 m - an uncursed staff of conjuration
Jewellery
 c - a ring of protection from magic (on tentacle)
 k - a +6 ring of intelligence (on tentacle)
 u - the ring of Robustness (right tentacle) {AC+8}
   (You found it on level 7 of Tartarus)

   [ring of protection]

   It affects your AC (+8).
 y - a +5 amulet of reflection
 P - a +6 ring of intelligence (on tentacle)
 R - a ring of protection from cold (left tentacle)
 U - the amulet of Wumoaf (around mantle) {RegenMP Int+6}
   (You took it off a deep elf death mage on level 3 of the Elven Halls)

   [amulet of magic regeneration]

   It increases your magic regeneration.
   It affects your intelligence (+6).
 X - the ring "Lupnaup" (on tentacle) {rC+ rN+ MP+9 Str-5 Dex+3}
   (You took it off a vault guard on level 5 of the Vaults)

   [ring of magical power]

   It affects your strength (-5).
   It affects your dexterity (+3).
   It protects you from cold.
   It protects you from negative energy.
   It affects your magic capacity (+9).
 Y - the ring of Hyll (on tentacle) {Fire rPois rN+++ Str+6 Stlth-}
   (You found it on level 2 of the Depths)

   [ring of fire]

   It enhances your fire magic.
   It affects your strength (+6).
   It protects you from fire.
   It makes you vulnerable to cold.
   It protects you from poison.
   It renders you almost immune to negative energy.
   It makes you less stealthy.
 Z - the ring of Omotuesk (on tentacle) {rPois rF+ rC+ rN+ Int+3}
   (You found it on level 3 of the Crypt)

   [ring of positive energy]

   It affects your intelligence (+3).
   It protects you from fire.
   It protects you from cold.
   It protects you from poison.
   It protects you from negative energy.
Wands
 n - a wand of scattershot (12)
 z - a wand of digging (37)
 N - a wand of polymorph (66)
Scrolls
 f - 5 scrolls of holy word
 h - 26 scrolls of remove curse
 i - 9 scrolls of magic mapping
 o - 8 scrolls of fear
 q - 4 scrolls of blinking
 s - 10 scrolls of enchant weapon
 x - 19 scrolls of teleportation
 B - 3 scrolls of vulnerability
 H - 5 scrolls of silence
 J - 3 scrolls of amnesia
 L - 9 scrolls of fog
 M - 4 scrolls of torment
 T - 2 scrolls of identify
 V - 3 scrolls of immolation
 W - 4 scrolls of enchant armour
Potions
 d - 18 potions of curing
 e - 5 potions of flight
 g - 10 potions of might
 j - 10 potions of heal wounds
 r - 8 potions of invisibility
 v - 4 potions of cancellation
 w - 7 potions of magic
 C - 11 potions of brilliance
 F - a potion of agility
 G - a potion of mutation
 K - 3 potions of resistance
 O - 2 potions of ambrosia
Books
 l - a book of Ice

   Spells                             Type                      Level
   a - Ice Form                       Ice/Transmutation            4
   b - Metabolic Englaciation         Hexes/Ice                    5
   c - Ozocubu's Refrigeration        Ice                          6
   d - Bolt of Cold                   Conjuration/Ice              6
   e - Freezing Cloud                 Conjuration/Ice/Air          6
   f - Simulacrum                     Ice/Necromancy               6
 A - a book of Transfigurations

   Spells                             Type                      Level
   a - Irradiate                      Conjuration/Transmutation    5
   b - Statue Form                    Transmutation/Earth          6
   c - Hydra Form                     Transmutation                6
   d - Dragon Form                    Transmutation                7
 D - a book of Annihilations

   Spells                             Type                      Level
   a - Poison Arrow                   Conjuration/Poison           6
   b - Chain Lightning                Conjuration/Air              8
   c - Lehudib's Crystal Spear        Conjuration/Earth            8
   d - Glaciate                       Conjuration/Ice              9
   e - Fire Storm                     Conjuration/Fire             9
 S - a book of Power

   Spells                             Type                      Level
   a - Iskenderun's Battlesphere      Conjuration/Charms           5
   b - Venom Bolt                     Conjuration/Poison           5
   c - Bolt of Magma                  Conjuration/Fire/Earth       5
   d - Iron Shot                      Conjuration/Earth            6
   e - Orb of Destruction             Conjuration                  7
   f - Spellforged Servitor           Conjuration/Summoning        7
Comestibles
 p - 40 rations


   Skills:
 - Level 20.4 Fighting
 - Level 20.0 Dodging
 - Level 2.6 Stealth
 + Level 15.2 Shields
 - Level 17.6 Unarmed Combat
 - Level 19.9 Spellcasting
 - Level 22.0 Conjurations
 - Level 2.0 Summonings
 - Level 10.2 Transmutations
 - Level 17.4 Fire Magic
 - Level 16.2 Ice Magic
 - Level 20.1 Air Magic
 - Level 4.0 Earth Magic
 - Level 20.2 Invocations
 - Level 17.5 Evocations


You had 2 spell levels left.
You knew the following spells:

 Your Spells              Type           Power        Failure   Level  Hunger
a - Lehudib's Crystal Sp  Conj/Erth      ########..   5%          8    None
b - Summon Butterflies    Summ           ######..     1%          1    None
d - Throw Icicle          Conj/Ice       ########     0%          4    None
e - Regeneration          Chrm/Necr      ######....   1%          3    None
g - Mephitic Cloud        Conj/Pois/Air  ########     0%          3    None
h - Statue Form           Tmut/Erth      #######..    1%          6    None
i - Tornado               Air            ########..   3%          9    None
j - Fire Storm            Conj/Fire      #########.   3%          9    None
k - Glaciate              Conj/Ice       ########..   4%          9    None
l - Passage of Golubria   Tloc           N/A          1%          4    None
m - Deflect Missiles      Chrm/Air       ########..   1%          6    None
o - Apportation           Tloc           ######       1%          1    None


Dungeon Overview and Level Annotations

Branches:
Dungeon (15/15)            Temple (1/1) D:4            Lair (6/6) D:10
 Shoals (4/4) Lair:4        Snake (4/4) Lair:2        Slime (0/5) Lair:5
    Orc (2/2) D:11            Elf (3/3) Orc:2        Vaults (5/5) D:13
  Crypt (3/3) Vaults:2       Tomb (0/3) Crypt:3      Depths (5/5) D:15
   Hell (1/1)                 Dis (7/7) Hell            Geh (7/7) Hell
    Coc (7/7) Hell            Tar (7/7) Hell            Zot (0/5) Depths:5

Altars:
Ashenzari
Cheibriados
Dithmenos
Elyvilon
Fedhas
Gozag
Hepliaklqana
Kikubaaqudgha
Makhleb
Nemelex Xobeh
Okawaru
Qazlal
Ru
Sif Muna
Trog
Uskayaw
Vehumet
Wu Jian
Xom
Yredelemnul
Zin
The Shining One
Beogh

Shops:
D:4 [   D:7 ?([   Orc:2 [:   Elf:1 %   Shoals:1 (   Shoals:4 [!?   Snake:4 :
Vaults:1 !   Vaults:5 !?!   Depths:4 ?

Portals:
Hell: Depths:1 Depths:2 Depths:3 Depths:4 Depths:5
Abyss: Depths:1 Depths:2 Depths:4 Depths:5
Pandemonium: Depths:3
Ziggurat: Depths:3

Annotations:
D:3 Graouh's ghost, amateur MiFi
Lair:5 exclusions: 2 wraiths and 1 more exclusion, Josephine
Orc:2 1 exclusion, Saint Roka
Elf:2 3 runed doors


Innate Abilities, Weirdness & Mutations

You cannot wear most types of armour.
You are very stealthy in the water. (Stealth+)
You are amphibious.
You can wear up to eight rings at the same time.
You can use your tentacles to constrict eight enemies at once.
Your skin changes colour to match your surroundings (Stealth+).
((Your rubbery body absorbs attacks. (AC +1, EV +1)))
You have very sharp teeth.
((You are partially covered in iridescent scales. (AC +2)))
Scrolls take you a little longer to read.
You passively map a small area around you.
You are weak. (Str -2)


Message History

Cheibriados thoroughly appreciates the change of pace.
You kill the hellion!
Cheibriados thoroughly appreciates the change of pace.
You feel somewhat less full.
The holy swine moves out of view.
The hellion gestures at you.
The sphere of damnation explodes!
The damnation engulfs you! The hellion gestures at you.
The sphere of damnation explodes!
The damnation engulfs you!
* * * LOW HITPOINT WARNING * * *
The hellion gestures at you.
The sphere of damnation explodes!
The damnation engulfs you!
* * * LOW HITPOINT WARNING * * *
The hellion gestures at you.
The sphere of damnation explodes!
The damnation engulfs you!
* * * LOW HITPOINT WARNING * * *
Terghofyga gestures at you. The bolt of negative energy hits you! You resist.
The hellion gestures at you.
The sphere of damnation explodes!
The damnation engulfs you!
You die...

* , ,* ,
2.222Y22≈≈§..#
≈h§§222§§§≈...# *
, ≈§§§§&§§§≈≈...#
§≈≈§§§≈§§§≈...#
,* , ,, ,
≈≈≈≈§§§§§≈§...#
.§≈≈§§§§§≈....# ,
.≈§§§§§§§.....#,
...≈≈≈§.8.....# *
* *
.......)§.......
, *
,.......§........
,
########'#######.
,
.........).....#
,, *
..........)....#
*..........)....#
...............#
,
...............#
,


You could see Terghofyga, a hellephant (wandering), a holy swine (wandering) and
9 hellions.

Vanquished Creatures
  Asmodeus (Geh:7)
  Antaeus (Coc:7)
  Ereshkigal (Tar:7)
  2 pandemonium lords (Pan)
  the Serpent of Hell (Geh:7)
  Dispater (Dis:7)
  7 ancient liches
  Mennas (Crypt:3)
  Boris (Depths:5)
  The ghost of oplop the Eclecticist, a veteran OpIE of Cheibriados (Depths:3)
  Bai Suzhen (Vaults:2)
  10 shard shrikes
  2 caustic shrikes (Depths:2)
  Geryon (Hell)
  6 golden dragons
  Nikola (Snake:4)
  Jory (Crypt:3)
  7 bone dragons
  7 doom hounds
  21 Tzitzimimeh
  Jorgrun (Snake:4)
  16 Brimstone Fiends
  7 iron giants
  14 liches
  22 Ice Fiends
  11 Hell Sentinels
  4 tentacled monstrosities
  Asterion (Depths:3)
  A deep elf blademaster (Elf:3)
  2 quicksilver dragons
  Polyphemus (Shoals:2)
  A deep elf master archer (Elf:3)
  4 titans (Vaults:5)
  12 ancient champions
  5 eldritch tentacles
  11 sphinxes
  A kraken (Shoals:1)
  Frances (Shoals:2)
  5 Executioners
  14 shadow dragons
  9 tentacled starspawn
  Agnes (Elf:1)
  Kirke (Snake:4)
  5 storm dragons
  2 revenants
  A draconian monk (Depths:5)
  5 tengu reavers
  The ghost of kal9871 the Severer, an adept MiGl of Hepliaklqana (Shoals:1)
  Ilsuiw (Shoals:4)
  2 warmongers (Pan)
  7 nagarajas
  15 fire giants
  Roxanne (Snake:2)
  14 frost giants
  An orc warlord (Orc:1)
  16 vault wardens
  19 deep elf sorcerers
  A draconian scorcher (Geh:5)
  12 iron dragons
  5 blood saints (Pan)
  18 balrugs
  A black sun (Pan)
  An angel (Abyss:1)
  3 corrupters (Pan)
  6 cacodemons
  A juggernaut zombie (Crypt:1)
  57 reapers
  3 deep elf elementalists
  A draconian stormcaller (Geh:5)
  12 ghouls
  3 curse skulls
  A spriggan defender (Depths:4)
  20 stone giants
  4 entropy weavers
  5 elemental wellsprings
  A draconian annihilator (Depths:5)
  23 war gargoyles
  16 ironheart preservers
  A juggernaut skeleton (Depths:3)
  29 large abominations
  An ophan (Abyss:4)
  8 deep elf demonologists
  16 very ugly things
  An entropy weaver (shapeshifter) (Depths:1)
  2 white draconians (Depths:5)
  11 vampire knights
  2 purple draconians (Depths:5)
  A yellow draconian (Depths:5)
  13 deep elf annihilators
  6 lorocyprocas
  12 spark wasps
  2 black draconians (Depths:5)
  20 ettins
  4 eidola
  3 merfolk javelineers (Shoals:4)
  Snorg (Orc:2)
  15 fire dragons
  13 deep elf death magi
  8 blizzard demons
  A minotaur (Lab)
  19 yaktaur captains
  8 merfolk impalers
  18 jiangshi
  6 green deaths
  4 quicksilver dragon zombies
  A great orb of eyes (shapeshifter) (Depths:5)
  2 monstrous demonspawn (Pan)
  11 great orbs of eyes
  25 ice dragons
  9 rakshasas
  12 deep elf high priests
  16 naga warriors
  2 ghost crabs
  5 hydras
  2 hell beasts (Dis:7)
  6 death knights
  8 merfolk avatars
  7 quicksilver dragon skeletons
  3 catoblepae
  7 spriggan air magi
  36 vault guards
  3 alligator snapping turtles
  9 centaur warriors
  Erica (Orc:1)
  4 merfolk aquamancers
  5 anacondas
  9 dancing weapons
  41 two-headed ogres
  A satyr (shapeshifter) (Depths:1)
  2 satyrs
  18 ogre magi
  The ghost of Amnesiac the Deadly Accurate, a journeyman HaAs of Okawaru (D:12)
  39 hell hogs
  10 deep troll shamans
  12 deep troll earth magi
  10 tengu warriors
  10 vampire magi
  A queen ant (shapeshifter) (Vaults:1)
  Urug (D:14)
  11 death yaks
  2 orc high priests
  7 iron golems
  A holy swine (Pan)
  27 sun demons
  8 shock serpents
  Sonja (Lair:3)
  23 deep elf knights
  19 thrashing horrors
  7 spriggan berserkers
  5 storm dragon zombies
  6 titan zombies
  Nergalle (Lair:3)
  90 hell knights
  5 shadow wraiths
  18 naga sharpshooters
  8 wretched stars
  A spriggan (Depths:5)
  10 titan skeletons
  16 iron trolls
  3 salamander mystics
  21 soul eaters
  141 skeletal warriors
  20 small abominations
  4 ghost moth zombies
  7 torturous demonspawn (Pan)
  5 golden dragon zombies
  9 sixfirhies
  6 unseen horrors
  3 gelid demonspawn (Pan)
  2 glowing orange brains (Depths:2)
  26 flayed ghosts
  An infernal demonspawn (Pan)
  15 sea snakes
  22 deep trolls
  34 starcursed masses
  10 anaconda zombies
  2 naga ritualists
  7 storm dragon skeletons
  24 deep elf archers
  A lindwurm (Lair:6)
  16 ironbrand convokers
  A sphinx zombie (Depths:3)
  5 shadow dragon zombies
  7 wizards
  A harpy (shapeshifter) (Vaults:4)
  12 orc knights
  6 golden dragon skeletons
  12 shadow demons
  27 phantasmal warriors
  3 wolf spider zombies
  A mana viper (shapeshifter) (Depths:1)
  10 mana vipers
  6 iron dragon zombies
  5 anaconda skeletons
  18 harpies
  2 tengu skeletons
  20 necromancers
  27 fauns
  7 shadow dragon skeletons
  63 deep elf magi
  6 wolf spiders
  A moth of wrath (shapeshifter) (Vaults:5)
  An oklob plant (D:10)
  8 salamanders
  23 manticores
  A faun (shapeshifter) (Vaults:2)
  A shining eye (Abyss:4)
  15 fire giant zombies
  16 cyclopes
  6 frost giant zombies
  28 ugly things
  5 iron dragon skeletons
  9 stone giant zombies
  4 orc sorcerers
  5 fire giant skeletons
  An ice statue (Hell)
  10 merfolk sirens
  3 frost giant skeletons
  A black mamba (shapeshifter) (Vaults:5)
  37 rust devils
  4 stone giant skeletons
  4 worldbinders
  8 guardian serpents
  A guardian serpent (shapeshifter) (Depths:5)
  5 vault sentinels
  5 shock serpent zombies
  8 water nymphs
  27 black mambas
  6 dire elephant zombies
  22 smoke demons
  12 naga magi
  3 apocalypse crabs
  2 storm dragon simulacra
  10 molten gargoyles
  A spiny frog (shapeshifter) (Vaults:1)
  5 orange demons
  4 dire elephant skeletons
  2 centaur skeletons
  5 gargoyles
  A yaktaur (shapeshifter) (Depths:4)
  4 spiny frogs
  A spriggan skeleton (Depths:3)
  3 human zombies
  22 freezing wraiths
  6 efreet
  A kobold demonologist (D:11)
  4 emperor scorpion zombies
  37 hellions
  4 komodo dragons
  27 tormentors
  A catoblepas skeleton (Geh:4)
  A demonic crawler (Pan)
  5 hellwings
  2 spriggan zombies
  6 rime drakes
  45 yaktaurs
  An anaconda simulacrum (Hell)
  A grey draconian zombie (Crypt:2)
  18 hydra zombies
  5 tengu conjurers
  31 ice devils
  2 silent spectres (Tar:7)
  A troll (shapeshifter) (Abyss:4)
  12 ancient zymes
  A merfolk (shapeshifter) (Depths:1)
  40 merfolk
  6 trolls
  31 red devils
  4 harpy zombies
  4 polar bears
  8 snapping turtles
  9 slime creatures
  5 hornets
  7 blink frogs
  3 ice dragon zombies
  A tyrant leech (shapeshifter) (Vaults:2)
  A blink frog (shapeshifter) (Vaults:1)
  3 wind drakes
  2 wolf spider simulacra
  5 harpy skeletons
  149 flying skulls
  5 alligator zombies
  A bog body (Crypt:1)
  19 raiju
  12 hippogriffs
  11 dream sheep
  3 hydra skeletons
  A stone giant simulacrum (Coc:7)
  3 fire dragon zombies
  9 ettin zombies
  2 black mamba zombies
  10 ynoxinuls
  56 shadows
  9 vampires
  A tarantella (shapeshifter) (Vaults:1)
  29 wraiths
  9 wyverns
  A yak (shapeshifter) (Abyss:4)
  5 fire dragon skeletons
  7 redbacks
  A spriggan (shapeshifter) (Depths:2)
  26 water elementals
  9 ettin skeletons
  24 fire elementals
  24 yaks
  4 basilisks (Lair:6)
  8 fire bats
  7 ice dragon skeletons
  A basilisk (shapeshifter) (Vaults:4)
  A human (Snake:4)
  2 human simulacra
  2 elf zombies
  2 black mamba skeletons (Tar:7)
  7 chaos spawn
  6 hungry ghosts
  7 neqoxecs
  4 hogs (Snake:4)
  7 vampire mosquitoes
  A wind drake skeleton (Crypt:2)
  Menkaure (D:7)
  54 nagas
  A soldier ant (D:14)
  2 insubstantial wisps (Abyss:4)
  A two-headed ogre zombie (WizLab)
  8 wargs
  A warg (shapeshifter) (Depths:2)
  A hydra simulacrum (Hell)
  9 water moccasins
  5 spiny frog zombies
  4 acid dragons
  2 floating eyes
  52 hell hounds
  38 orc warriors
  2 porcupines
  A merfolk skeleton (Geh:7)
  3 sky beasts
  3 black bears
  10 ice beasts
  5 phantoms
  3 swamp dragon zombies
  9 spiny frog skeletons
  21 necrophages
  32 ogres
  3 snapping turtle zombies
  2 slaves (D:6)
  3 boggarts (Depths:2)
  9 wolves
  25 centaurs
  6 snapping turtle skeletons
  3 manticore skeletons
  A swamp dragon skeleton (Geh:7)
  5 crocodiles
  A rime drake skeleton (Crypt:2)
  A komodo dragon zombie (Crypt:1)
  11 bullfrogs
  An elf skeleton (Crypt:2)
  A bullfrog (shapeshifter) (Depths:3)
  A draconian zombie (Crypt:1)
  A spiny frog simulacrum (Coc:7)
  2 wyvern zombies
  3 earth elementals
  A wyvern skeleton (D:13)
  A scorpion (D:5)
  8 troll zombies (WizLab)
  4 killer bees (D:11)
  107 wights
  3 electric eels
  A polar bear skeleton (Crypt:2)
  8 howler monkeys
  6 crimson imps
  4 centaur zombies
  A wolf skeleton (Crypt:2)
  3 hounds
  4 quasits
  A black bear zombie (Crypt:1)
  A jelly (D:7)
  2 bullfrog skeletons
  25 orc priests
  25 iron imps
  2 human skeletons
  30 orc wizards
  Ijyb (D:3)
  4 iguanas
  4 worker ants
  A naga zombie (Dis:7)
  A dwarf zombie (Crypt:2)
  5 ogre zombies
  A tengu zombie (Dis:3)
  An acid dragon skeleton (Crypt:1)
  A hound zombie (D:9)
  An ogre skeleton (Crypt:2)
  2 hound skeletons (D:4)
  4 mummies
  2 worker ant zombies
  7 adders
  11 shadow imps
  14 white imps
  3 ufetubi
  3 oozes
  A lava snake zombie (Crypt:1)
  3 adder skeletons (D:9)
  5 worms
  A barachi zombie (Crypt:1)
  4 dart slugs
  2 leopard geckos
  98 orcs
  A ball python (D:3)
  5 bats
  8 giant cockroaches
  5 goblins
  12 hobgoblins
  8 jackals
  A kobold (shapeshifter) (Depths:1)
  7 quokkas
  A ball python skeleton (Crypt:2)
  6 frilled lizards
  A jackal skeleton (D:9)
  7 kobolds
  A leopard gecko skeleton (D:8)
  An orc skeleton (Crypt:1)
  An orc zombie (Coc:7)
  A quokka skeleton (D:4)
  4 rats
  8 crawling corpses
  2 fire vortices (Abyss:1)
  4 fungi
  2 lurking horrors
  9 plants
  13 starspawn tentacles
  3 tentacles (Shoals:1)
3981 creatures vanquished.

Vanquished Creatures (collateral kills)
  A Tzitzimitl (Tar:7)
  A very ugly thing (Abyss:1)
  The ghost of Graouh the Peltast, a journeyman MiFi of Okawaru (D:15)
  A catoblepas (Lair:6)
  2 hydras (Lair:3)
  A naga warrior (Snake:2)
  A death knight (D:15)
  A dancing weapon (Elf:1)
  A death yak (Lair:6)
  6 two-headed ogres
  2 deep elf knights (Elf:1)
  A fire crab (shapeshifter) (Elf:1)
  A deep elf archer (Elf:1)
  A deep troll (D:13)
  Pikel (D:6)
  3 ugly things (D:14)
  2 manticores
  A cyclops (Orc:2)
  2 black mambas
  A centaur zombie (D:13)
  2 guardian serpents
  A naga mage (Snake:2)
  2 komodo dragons
  4 rime drakes
  A komodo dragon (shapeshifter) (D:15)
  2 trolls
  2 polar bears
  Prince Ribbit (D:7)
  A blink frog (Lair:2)
  2 hippogriffs
  A snapping turtle (D:13)
  A flying skull (Tar:7)
  A spriggan (Lair:5)
  A hog (shapeshifter) (D:13)
  A wraith (D:14)
  3 wyverns
  A basilisk (Lair:6)
  27 yaks
  2 vampire mosquitoes (D:15)
  2 nagas (Snake:2)
  An acid dragon (D:15)
  2 water moccasins
  A porcupine (Lair:4)
  Duvessa (D:5)
  A slave (D:6)
  A sky beast (D:7)
  7 orc warriors
  A black bear (Lair:4)
  9 ogres
  A phantom (D:8)
  2 wolves (Lair:1)
  2 crocodiles
  A centaur (D:11)
  Dowan (D:5)
  A scorpion (D:6)
  11 killer bees
  3 wights
  2 howler monkeys (D:12)
  3 crimson imps
  4 jellies
  5 orc wizards
  2 orc priests
  A centaur skeleton (D:10)
  An adder (D:10)
  A howler monkey skeleton (D:7)
  3 oozes (Lair:5)
  10 orcs
  A kobold (D:11)
  A fungus (Lair:5)
169 creatures vanquished.

Vanquished Creatures (others)
  Vashnia (Snake:3)
  A deep elf master archer (Elf:3)
  An eldritch tentacle (Coc:7)
  3 merfolk javelineers (Shoals:4)
  5 satyrs
  A hell hog (Geh:2)
  2 naga sharpshooters
  2 deep elf knights
  A soul eater (Pan)
  2 skeletal warriors
  A shadow demon (Pan)
  A deep elf archer (Elf:3)
  6 fauns
  A stone giant zombie (Coc:7)
  A cyclops (Shoals:2)
  A guardian serpent (Snake:4)
  A black mamba (Snake:4)
  A frost giant skeleton (Geh:4)
  Joseph (D:12)
  A hellion (Geh:7)
  A red devil (Pan)
  A shadow (Geh:4)
  A fire elemental (Hell)
  A human (Snake:4)
  An orc warrior (Vaults:1)
  A centaur (D:15)
  6 wights (Geh:7)
  An iron imp (Dis:7)
  A shadow imp (Tar:5)
  A ball lightning (Hell)
  5 orcs
  9 blocks of ice (Pan)
  29 fire vortices
  8 fungi
  22 plants
  21 starspawn tentacles
  8 tentacles (Shoals:1)
  91 withered plants
242 creatures vanquished.

Grand Total: 4392 creatures vanquished

Notes
Turn   | Place    | Note
-------+----------+-------------------------------------------
     0 | D:1      | oplop the Octopode Ice Elementalist began the quest for the Orb.
     0 | D:1      | Reached XP level 1. HP: 11/11 MP: 3/3
    98 | D:1      | Reached XP level 2. HP: 10/17 MP: 5/5
   580 | D:1      | Reached XP level 3. HP: 14/22 MP: 4/6
  1149 | D:2      | Reached skill level 1 in Fighting
  1154 | D:2      | Learned a level 3 spell: Ozocubu's Armour
  1578 | D:2      | Reached XP level 4. HP: 23/28 MP: 8/8
  1957 | D:2      | Found an iron altar of Okawaru.
  2370 | D:3      | Noticed Graouh's ghost (amateur MiFi)
  2712 | D:3      | Noticed Ijyb
  2723 | D:3      | Killed Ijyb
  2723 | D:3      | Reached XP level 5. HP: 19/33 MP: 0/9
  3643 | D:4      | Found a staircase to the Ecumenical Temple.
  3742 | Temple   | Entered the Ecumenical Temple
  3971 | Temple   | Became a worshipper of Cheibriados the Contemplative
  4033 | D:4      | Reached XP level 6. HP: 29/39 MP: 7/11
  4178 | D:4      | Found Nusoham's Armour Boutique.
  4864 | D:4      | Reached skill level 5 in Ice Magic
  4864 | D:4      | Reached XP level 7. HP: 45/45 MP: 6/13
  4887 | D:4      | oplop: ??scattershot
  4887 | D:4      | beem: iron rod[1/4]: Blasts the area in front of you with metallic fragments. Their number and spread increase with evocation power. Range 6. To-hit: 7+power/15.
  4887 | D:4      | oplop: ??scattershot[2
  4887 | D:4      | beem: iron rod[2/4]: "At high spellpower, you may think of it as Super Scattershot." -- Grunt
  4887 | D:4      | oplop: ??scattershot[3
  4887 | D:4      | beem: iron rod[3/4]: !lm sgrunt 9995 -tv:<3.0
  4887 | D:4      | oplop: ??scattershot[4
  4887 | D:4      | beem: iron rod[4/4]: The burst of metal fragments hits the deep elf death mage. x3 The lost soul assumes the form of the deep elf death mage and becomes anchored to this world! The burst of metal fragments hits the ghostly deep elf death mage. x4 _You destroy the ghostly deep elf death mage!
  4903 | D:4      | Reached * piety under Cheibriados
  5268 | D:5      | Entered Level 5 of the Dungeon
  5268 | D:5      | Noticed Dowan
  5355 | D:5      | Noticed a troll
  5372 | D:5      | Killed a troll
  5372 | D:5      | Reached skill level 5 in Spellcasting
  5372 | D:5      | Reached XP level 8. HP: 46/52 MP: 10/15
  5873 | D:5      | Noticed Duvessa
  5879 | D:5      | Learned a level 4 spell: Summon Ice Beast
  5884 | D:5      | Reached ** piety under Cheibriados
  5918 | D:5      | Killed Dowan
  5931 | D:5      | Killed Duvessa
  6395 | D:6      | Noticed Pikel
  6408 | D:6      | Killed Pikel
  6408 | D:6      | Reached XP level 9. HP: 52/58 MP: 9/18
  6975 | D:7      | Noticed Menkaure
  6984 | D:7      | Killed Menkaure
  6984 | D:7      | Reached skill level 5 in Dodging
  6990 | D:7      | Found Weseloixt's Antique Armour Shoppe.
  7093 | D:7      | Learned a level 4 spell: Throw Icicle
  7124 | D:7      | Found Dueshi Bais's Magic Scroll Emporium.
  7126 | D:7      | Noticed Prince Ribbit
  7135 | D:7      | Killed Prince Ribbit
  7141 | D:7      | Bought a scroll of magic mapping for 49 gold pieces
  7141 | D:7      | Bought a scroll of teleportation for 42 gold pieces
  7351 | D:7      | Found Quonuac's Weapon Shoppe.
  7528 | D:8      | Reached *** piety under Cheibriados
  7555 | D:8      | Reached skill level 1 in Invocations
  7640 | D:8      | Reached skill level 5 in Fighting
  7861 | D:8      | Found a hazy altar of Hepliaklqana.
  7940 | D:8      | Noticed a two-headed ogre
  7952 | D:8      | Killed a two-headed ogre
  7952 | D:8      | Reached XP level 10. HP: 31/66 MP: 2/21
  8755 | D:9      | Noticed a two-headed ogre
  8910 | D:9      | Noticed a two-headed ogre
  8917 | D:9      | Killed a two-headed ogre
  8954 | D:9      | Learned a level 3 spell: Regeneration
  9113 | D:9      | Reached **** piety under Cheibriados
  9263 | D:9      | Killed a two-headed ogre
  9263 | D:9      | Reached skill level 5 in Invocations
  9924 | D:10     | Entered Level 10 of the Dungeon
 10037 | D:10     | Noticed an oklob plant
 10052 | D:10     | Noticed a manticore
 10165 | D:10     | Reached ***** piety under Cheibriados
 10211 | D:10     | Killed a manticore
 10211 | D:10     | Reached XP level 11. HP: 47/72 MP: 1/23
 10382 | D:10     | Found a staircase to the Lair.
 11274 | D:11     | Noticed an ice dragon
 11604 | D:10     | Killed an oklob plant
 11788 | Lair:1   | Entered Level 1 of the Lair of Beasts
 11872 | Lair:1   | Reached skill level 10 in Ice Magic
 12273 | Lair:2   | Found a staircase to the Snake Pit.
 13205 | D:11     | Reached XP level 12. HP: 63/81 MP: 12/25
 13354 | D:11     | Found a staircase to the Orcish Mines.
 13465 | D:11     | Gained mutation: You are partially covered in iridescent scales. (AC +2) [potion of mutation]
 13465 | D:11     | Gained mutation: Scrolls take you a little longer to read. [potion of mutation]
 13465 | D:11     | Gained mutation: You are partially covered in rugged brown scales. (AC +1, +3% HP) [potion of mutation]
 13611 | D:11     | Killed an ice dragon
 13611 | D:11     | Reached skill level 10 in Spellcasting
 14613 | D:4      | Bought a +2 buckler of protection for 236 gold pieces
 14929 | D:12     | Noticed a deep elf knight
 14964 | D:12     | Reached skill level 2 in Conjurations
 14967 | D:12     | Reached skill level 1 in Shields
 14969 | D:12     | Reached ****** piety under Cheibriados
 15195 | Lair:3   | Noticed Sonja
 15203 | Lair:3   | Killed Sonja
 15203 | Lair:3   | Reached skill level 3 in Conjurations
 15298 | Lair:3   | Noticed an eight-headed hydra
 15307 | Lair:3   | Killed an eight-headed hydra
 15421 | Lair:3   | Reached skill level 4 in Conjurations
 15533 | Lair:3   | Noticed Nergalle
 15784 | Lair:3   | Noticed a six-headed hydra
 15796 | Lair:3   | Killed a six-headed hydra
 16114 | Lair:3   | Killed Nergalle
 16114 | Lair:3   | Reached skill level 5 in Conjurations
 16154 | Lair:3   | Learned a level 6 spell: Freezing Cloud
 16359 | Lair:4   | Noticed a five-headed hydra
 16368 | Lair:4   | Killed a five-headed hydra
 16368 | Lair:4   | Reached skill level 1 in Air Magic
 16472 | Lair:4   | Reached skill level 6 in Conjurations
 16623 | Lair:4   | Found a staircase to the Shoals.
 17015 | Lair:5   | Reached XP level 13. HP: 88/88 MP: 21/27
 17085 | Lair:5   | Found a labyrinth entrance.
 17093 | Lab      | Entered a labyrinth
 17268 | Lab      | Noticed a minotaur
 17281 | Lab      | Killed a minotaur
 17281 | Lab      | Reached skill level 7 in Conjurations
 17309 | Lab      | Found the +0 Maxwell's etheric cage {RegenMP+ *Contam rElec MP+4}
 17314 | Lab      | oplop: ??Maxwell's etheric cage
 17314 | Lab      | beem: maxwell's etheric cage[1/1]: +0 rElec helmet that greatly increases MP regen but also multiplies contam gained by 2. Miscasts, haste and invisibility combined with this artifact are very likely to mutate you.
 17451 | Lair:5   | Found a staircase to the Slime Pits.
 17560 | Lair:5   | Noticed Josephine
 17769 | Lair:5   | Reached skill level 5 in Air Magic
 17917 | Lair:6   | Entered Level 6 of the Lair of Beasts
 18900 | D:12     | Noticed Joseph
 19071 | D:12     | Noticed Amnesiac's ghost (journeyman HaAs)
 19101 | D:12     | Killed Amnesiac's ghost
 19373 | D:12     | Killed Joseph
 19901 | D:13     | Found a gate to the Vaults.
 20208 | D:13     | Noticed Nessos
 20209 | D:13     | Noticed Nessos
 20209 | D:13     | Nessos changed into Nessos the snapping turtle
 20214 | D:13     | Killed Nessos the snapping turtle
 20742 | D:14     | Noticed Urug
 20811 | D:14     | Reached XP level 14. HP: 75/94 MP: 5/29
 20957 | D:13     | Learned a level 3 spell: Mephitic Cloud
 21898 | D:15     | Entered Level 15 of the Dungeon
 21956 | D:15     | Reached skill level 10 in Air Magic
 22549 | D:15     | Found a stormy altar of Qazlal.
 22642 | D:15     | Noticed Graouh's ghost (journeyman MiFi)
 22661 | D:15     | Killed Graouh's ghost
 23121 | Orc:1    | Entered Level 1 of the Orcish Mines
 23275 | Orc:2    | Entered Level 2 of the Orcish Mines
 23278 | Orc:2    | Found a staircase to the Elven Halls.
 23287 | Orc:2    | Found a roughly hewn altar of Beogh.
 23885 | Orc:2    | Found a roughly hewn altar of Beogh.
 24137 | Orc:2    | Found a roughly hewn altar of Beogh.
 24146 | Orc:2    | Found Yna Tise's Armour Shop.
 24151 | Orc:2    | Reached XP level 15. HP: 95/99 MP: 32/32
 24209 | Orc:2    | Found a roughly hewn altar of Beogh.
 24317 | Orc:2    | Found a roughly hewn altar of Beogh.
 24323 | Orc:2    | Noticed Snorg
 24326 | Orc:2    | Found a roughly hewn altar of Beogh.
 24341 | Orc:2    | Killed Snorg
 24405 | Orc:2    | Found Ryhawiast's Book Shop.
 24423 | Orc:2    | Bought a book of Transfigurations for 880 gold pieces
 24430 | Orc:2    | Learned a level 6 spell: Statue Form
 24464 | Orc:2    | Noticed Saint Roka
 24470 | Orc:2    | Reached skill level 1 in Transmutations
 24646 | Orc:1    | Noticed Erica
 24651 | Orc:1    | Killed Erica
 24724 | Orc:1    | Found a roughly hewn altar of Beogh.
 25003 | Orc:1    | Noticed an orc warlord
 25019 | Orc:1    | Killed an orc warlord
 25032 | Orc:1    | Reached skill level 5 in Transmutations
 26774 | Elf:1    | Entered Level 1 of the Elven Halls
 26812 | Elf:1    | Reached skill level 1 in Earth Magic
 27098 | Elf:1    | Reached skill level 10 in Transmutations
 27101 | Elf:1    | Reached XP level 16. HP: 106/106 MP: 15/33
 27122 | Elf:1    | Reached skill level 1 in Unarmed Combat
 27232 | Elf:1    | Noticed Agnes
 27238 | Elf:1    | Killed Agnes
 27340 | Elf:1    | Found Muisey's Food Shop.
 28003 | D:7      | Bought a scroll of blinking for 105 gold pieces
 28131 | Snake:1  | Entered Level 1 of the Snake Pit
 28204 | Snake:1  | Reached skill level 5 in Unarmed Combat
 28996 | Snake:2  | Noticed a nagaraja
 29001 | Snake:2  | Killed a nagaraja
 29260 | Snake:2  | Noticed Roxanne
 29360 | Snake:2  | Noticed a nagaraja
 29372 | Snake:2  | Killed a nagaraja
 29377 | Snake:2  | Reached XP level 17. HP: 111/111 MP: 34/34
 29559 | Snake:2  | Killed Roxanne
 29576 | Snake:2  | Identified Roxanne's Disquisition on Transmutation (You took it off Roxanne on level 2 of the Snake Pit)
 29719 | Snake:2  | Learned a level 9 spell: Tornado
 30027 | Snake:3  | Noticed Vashnia
 30049 | Snake:3  | Killed Vashnia
 30365 | Snake:3  | Found a radiant altar of Vehumet.
 31204 | Lair:2   | oplop: ??deflect
 31204 | Lair:2   | beem: deflect ~ deflecting[1/1]: A monster with this enchant has permanent {deflect missiles}.
 31204 | Lair:2   | oplop: ??deflect missiles
 31204 | Lair:2   | beem: deflect missiles[1/3]: A level 6 Charms/Air spell that helps you dodge enemy ranged attacks (by reducing their to-hit roll (for evasion purposes only) *TO* a random amount between: 0% and 66% for penetrating beams, 0% and 50% for single-target missiles). In the books of Enchantments and Sky.
 31666 | D:13     | oplop: ??spellcasting
 31666 | D:13     | beem: spellcasting[1/1]: Gives you an extra spell slot for every half of a level in spellcasting. Raising your spellcasting also gives you more MP, lowers {spell hunger}, and slightly boosts {spell success} and {spell power} for all spells.
 31887 | Shoals:1 | Entered Level 1 of the Shoals
 32013 | Shoals:1 | Noticed kal9871's ghost (adept MiGl)
 32026 | Shoals:1 | Killed kal9871's ghost
 32123 | Shoals:1 | Found Xyigis's Weapon Emporium.
 32482 | Shoals:1 | Noticed a kraken
 32495 | Shoals:1 | Killed a kraken
 32676 | Shoals:2 | Noticed Frances
 32685 | Shoals:2 | Killed Frances
 32695 | Shoals:2 | Found a flickering gateway to a bazaar.
 32697 | Shoals:2 | Noticed Polyphemus
 32716 | Shoals:2 | Killed Polyphemus
 32724 | Shoals:2 | Reached XP level 18. HP: 117/117 MP: 30/36
 32737 | Bazaar   | Entered a bazaar
 32737 | Bazaar   | Found Baesosyena's Antique Armour Shop.
 32737 | Bazaar   | Found Fualucs's Antique Weapon Shop.
 32762 | Bazaar   | Found Qyesmib's Distillery.
 32770 | Bazaar   | Bought a potion of brilliance for 44 gold pieces
 32770 | Bazaar   | Bought a potion of invisibility for 88 gold pieces
 32770 | Bazaar   | Bought a potion of mutation for 88 gold pieces
 32770 | Bazaar   | Bought a potion of might for 44 gold pieces
 32851 | Shoals:2 | Reached skill level 15 in Spellcasting
 32887 | Shoals:2 | Reached skill level 15 in Air Magic
 32909 | Shoals:2 | oplop: ??chei step
 32909 | Shoals:2 | beem: I don't have a page labeled chei_step in my learndb.
 33447 | Shoals:3 | oplop: ??gel
 33447 | Shoals:3 | beem: I don't have a page labeled gel in my learndb. Did you mean: ge, geh, gell, gl.
 33447 | Shoals:3 | oplop: ??gell
 33447 | Shoals:3 | beem: gell's gravitas[1/2]: L3 Translocations spell in the books of the Warp and Spatial Translocation. Pulls creatures (excluding the caster) towards a target square (including where you're standing!), smashing them into each other. Affects a larger area with more spellpower.
 33546 | Shoals:3 | Reached skill level 10 in Unarmed Combat
 33715 | Shoals:4 | Entered Level 4 of the Shoals
 33864 | Shoals:4 | Got a barnacled rune of Zot
 34054 | Shoals:4 | Reached XP level 19. HP: 120/122 MP: 31/39
 34067 | Shoals:4 | Noticed Ilsuiw
 34214 | Shoals:4 | Found Qexkavyz's Magic Scroll Shoppe.
 34222 | Shoals:4 | Bought a scroll of blinking for 82 gold pieces
 34315 | Shoals:4 | Found Bypheges's Distillery.
 34323 | Shoals:4 | Bought a potion of heal wounds for 80 gold pieces
 34323 | Shoals:4 | Bought a potion of invisibility for 128 gold pieces
 34323 | Shoals:4 | Bought a potion of curing for 48 gold pieces
 34323 | Shoals:4 | Bought a potion of heal wounds for 80 gold pieces
 34323 | Shoals:4 | Bought a potion of heal wounds for 80 gold pieces
 34323 | Shoals:4 | Bought a potion of heal wounds for 80 gold pieces
 34413 | Shoals:4 | Found Fiqil's Armour Emporium.
 34660 | Shoals:4 | Killed Ilsuiw
 34922 | Snake:4  | Entered Level 4 of the Snake Pit
 34936 | Snake:4  | Noticed Jorgrun
 34947 | Snake:4  | Killed Jorgrun
 35075 | Snake:4  | Noticed Nikola
 35083 | Snake:4  | Killed Nikola
 35092 | Snake:4  | oplop: ??nikola
 35092 | Snake:4  | beem: nikola[1/4]: If you don't have rElec, go away. If you do have rElec, go away. In either case, just use curare. Kill him for his cloak and gloves and rapier of elec!
 35092 | Snake:4  | oplop: ??nikola[2
 35092 | Snake:4  | beem: nikola[2/4]: Having a lot of other creatures in LoS means the chain lightning is more likely to arc to them, rather than you, nullifying the majority of the damage. Consider facing near weaker monsters (like rats) or harmless plants, or spamming summons (especially butterflies, which calls a lot of creatures at once).
 35092 | Snake:4  | oplop: ??nikola[3
 35092 | Snake:4  | beem: nikola[3/4]: Nikola yells, "Danger! Danger! High voltage!"
 35092 | Snake:4  | oplop: ??nikola[4
 35092 | Snake:4  | beem: nikola[4/4]: Not a great ally. !tv lips 45
 35313 | Snake:4  | Found Aneir's Book Shop.
 35554 | Snake:4  | Noticed Kirke
 35560 | Snake:4  | Killed Kirke
 35904 | Snake:4  | Got a serpentine rune of Zot
 36295 | Shoals:4 | Bought a scroll of immolation for 38 gold pieces
 36737 | Elf:2    | Reached XP level 20. HP: 111/128 MP: 37/41
 36979 | Elf:2    | Found a huge runed gate.
 36979 | Elf:2    | Found a huge runed gate.
 36981 | Elf:2    | Found a huge runed gate.
 37071 | Elf:3    | Entered Level 3 of the Elven Halls
 37784 | Elf:3    | Noticed a Brimstone Fiend
 38068 | Elf:3    | Reached XP level 21. HP: 133/133 MP: 43/43
 38297 | Elf:3    | Lost mutation: Scrolls take you a little longer to read. [potion of mutation]
 38297 | Elf:3    | Lost mutation: You are partially covered in rugged brown scales. (AC +1, +3% HP) [potion of mutation]
 38297 | Elf:3    | Gained mutation: You passively map a small area around you. [potion of mutation]
 38297 | Elf:3    | Gained mutation: You have very sharp teeth. [potion of mutation]
 38301 | Elf:3    | Got a pitted emerald amulet
 38310 | Elf:3    | Identified the amulet of Wumoaf {RegenMP Int+6} (You took it off a deep elf death mage on level 3 of the Elven Halls)
 38405 | Elf:3    | Identified the Tome of Illusion and Flames
 38429 | Elf:3    | Identified The Arcane Secrets of Witchery
 38438 | Elf:3    | Identified the amulet of Utsargh {Inacc Dex+3} (You found it on level 3 of the Elven Halls)
 38451 | Elf:3    | Learned a level 1 spell: Apportation
 38453 | Elf:3    | Learned a level 1 spell: Summon Butterflies
 39072 | Vaults:1 | Entered Level 1 of the Vaults
 39168 | Vaults:1 | Reached skill level 10 in Invocations
 39246 | Vaults:1 | Found Kuzy's Distillery.
 39257 | Vaults:1 | Bought a potion of heal wounds for 100 gold pieces
 39637 | Vaults:1 | Reached skill level 10 in Fighting
 40250 | Vaults:1 | Learned a level 4 spell: Passage of Golubria
 40582 | Vaults:2 | Noticed Bai Suzhen
 40593 | Vaults:2 | Killed Bai Suzhen
 40753 | Vaults:2 | Found a staircase to the Crypt.
 40860 | Vaults:2 | Reached XP level 22. HP: 149/149 MP: 35/44
 43021 | Vaults:4 | Reached skill level 15 in Unarmed Combat
 43227 | Vaults:4 | Identified the +1 hat of Amelioration {+Blink Int+3} (You found it on level 4 of the Vaults)
 43248 | Vaults:4 | Found a radiant altar of Vehumet.
 43261 | Vaults:4 | Identified the +1 hat of Adwiat {rN++ Regen+ Dex-2} (You found it on level 4 of the Vaults)
 43263 | Vaults:4 | Identified the +0 hat "Amoagagh" {rPois rF+ Int-5 Dex+6} (You found it on level 4 of the Vaults)
 43295 | Vaults:4 | Identified the +0 hat of Zifrim {*Corrode rF- MR++ Str+4} (You found it on level 4 of the Vaults)
 43705 | Vaults:5 | Entered Level 5 of the Vaults
 43715 | Vaults:5 | Noticed a golden dragon
 43715 | Vaults:5 | Reached XP level 23. HP: 93/162 MP: 43/45
 43716 | Vaults:5 | Reached skill level 5 in Shields
 43872 | Vaults:5 | Noticed an ancient lich
 43876 | Vaults:5 | Killed an ancient lich
 43876 | Vaults:5 | Reached skill level 10 in Dodging
 43902 | Vaults:5 | Got a silver rune of Zot
 43931 | Vaults:5 | Got a steaming wooden ring
 43967 | Vaults:5 | Reached skill level 15 in Invocations
 44008 | Vaults:5 | Killed a golden dragon
 44094 | Vaults:5 | Identified the ring "Lupnaup" {rC+ rN+ MP+9 Str-5 Dex+3} (You took it off a vault guard on level 5 of the Vaults)
 44117 | Vaults:5 | Noticed a golden dragon
 44131 | Vaults:5 | Killed a golden dragon
 44151 | Vaults:5 | Reached XP level 24. HP: 85/168 MP: 13/45
 44347 | Vaults:5 | Identified the Grimoire of Salt
 44646 | Vaults:5 | Found Pian's Distillery.
 44650 | Vaults:5 | Bought 3 potions of heal wounds for 270 gold pieces
 44680 | Vaults:5 | Found Teoclus's Distillery.
 44684 | Vaults:5 | Bought 2 potions of heal wounds for 150 gold pieces
 44684 | Vaults:5 | Bought a potion of heal wounds for 75 gold pieces
 44684 | Vaults:5 | Bought a potion of heal wounds for 75 gold pieces
 44684 | Vaults:5 | Bought a potion of heal wounds for 75 gold pieces
 44892 | Vaults:5 | Reached skill level 10 in Shields
 44945 | Vaults:5 | Found Feuleneq's Magic Scroll Boutique.
 44953 | Vaults:5 | Bought a scroll of teleportation for 60 gold pieces
 44953 | Vaults:5 | Bought a scroll of fog for 40 gold pieces
 44953 | Vaults:5 | Bought a scroll of fog for 40 gold pieces
 44953 | Vaults:5 | Bought a scroll of teleportation for 60 gold pieces
 45349 | Snake:4  | Bought a book of Enchantments for 900 gold pieces
 45362 | Snake:4  | Learned a level 6 spell: Deflect Missiles
 45710 | D:15     | Found a staircase to the Depths.
 45723 | Depths:1 | Entered Level 1 of the Depths
 45798 | Depths:1 | Found a one-way gate to the infinite horrors of the Abyss.
 45874 | Depths:1 | Found a gateway to Hell.
 45981 | Depths:1 | Reached skill level 15 in Fighting
 46038 | Depths:1 | Noticed an ancient lich
 46057 | Depths:1 | Killed an ancient lich
 46389 | Depths:1 | Reached XP level 25. HP: 174/174 MP: 45/45
 46466 | Depths:1 | Identified the ring "Dapevose" {Wiz rElec} (You took it off a vampire mage on level 1 of the Depths)
 46476 | Depths:1 | Identified the Almanac of Evil
 46497 | Depths:1 | Reached skill level 1 in Evocations
 46863 | Depths:2 | Reached skill level 5 in Evocations
 46923 | Depths:2 | Found a burning altar of Makhleb.
 46925 | Depths:2 | Found an ornate altar of the Wu Jian Council.
 46926 | Depths:2 | Found a bloodstained altar of Trog.
 47268 | Depths:2 | Reached skill level 10 in Evocations
 47336 | Depths:2 | Paralysed by a floating eye for 4 turns
 47344 | Depths:2 | Paralysed by a floating eye for 3 turns
 47521 | Depths:2 | Identified the Reference Book on the Glacial Arsonist
 47526 | Depths:2 | Got a pitted pewter ring
 47527 | Depths:2 | Identified the ring of Hyll {Fire rPois rN+++ Str+6 Stlth-} (You found it on level 2 of the Depths)
 48014 | Depths:3 | Noticed Asterion
 48021 | Depths:3 | Killed Asterion
 48034 | Depths:3 | Reached XP level 26. HP: 151/180 MP: 45/45
 48096 | Depths:3 | Found a gateway to a ziggurat.
 48421 | Depths:3 | Noticed oplop's ghost (veteran OpIE)
 48432 | Depths:3 | Killed oplop's ghost
 48763 | Depths:3 | Found a one-way gate leading to the halls of Pandemonium.
 49019 | Depths:4 | Found a magical portal.
 49028 | WizLab   | Entered Zonguldrok's Shrine
 49029 | WizLab   | oplop: ??Zonguldrok's Shrine
 49029 | WizLab   | beem: zonguldrok's shrine[1/1]: Boring zombies and skeletons slowly replace all of the gravestones over time: once they're all gone, pass through the new door and a few skeletal warriors to find Zonguldrok's tombstone, which then is replaced with an {antique lich} when you go for the loot.
 49029 | WizLab   | oplop: ??antique lich
 49029 | WizLab   | beem: antique lich[1/1]: Just a recoloured and renamed {ancient lich}. You'll get a lot for one, if it's in mint condition!
 49180 | WizLab   | Noticed an antique lich
 49188 | WizLab   | Killed an antique lich
 49189 | WizLab   | oplop: @??antique lich
 49189 | WizLab   | beem: antique lich (L)
                  | Spd:
    10 | HD: 27   | HP: 90-126
                  | AC/EV: 20/10
                  | Dam: 20(drain)
                  | undead, doors, evil, spellcaster, see invisible, unbreathing, vault
                  | Res: magic(immune), fire, cold++, elec, poison+++, drown, rot+++, neg+++, torm
                  | Vul: holy
                  | XP: 8163
                  | Sp: b.cold (3d37), force lance (3d27), sum.greater demon, slow, invisibility / b.corrosive (3d28),
 49189 | WizLab   | oplop: @??ancient lich
 49189 | WizLab   | beem: ancient lich (L)
                  | Spd:
    10 | HD: 27   | HP: 87-125
                  | AC/EV: 20/10
                  | Dam: 20(drain)
                  | undead, doors, evil, spellcaster, see invisible, unbreathing
                  | Res: magic(immune), fire, cold++, elec, poison+++, drown, rot+++, neg+++, torm
                  | Vul: holy
                  | XP: 8208
                  | Sp: b.cold (3d37), force lance (3d27), sum.greater demon, slow, invisibility / b.corrosive (3d28), crystal spear
 49192 | WizLab   | Found the +9 sword of Zonguldrok {reap}
 49584 | Depths:4 | Reached skill level 15 in Evocations
 49781 | Depths:4 | Found Gafatsurph's Magic Scroll Emporium.
 49788 | Depths:4 | Bought a scroll of teleportation for 36 gold pieces
 49788 | Depths:4 | Bought a scroll of teleportation for 36 gold pieces
 49788 | Depths:4 | Bought a scroll of teleportation for 36 gold pieces
 49788 | Depths:4 | Bought a scroll of teleportation for 36 gold pieces
 49789 | Depths:4 | You fall through a shaft!
 49789 | Depths:5 | Entered Level 5 of the Depths
 49959 | Depths:5 | Reached XP level 27. HP: 187/187 MP: 46/46
 49972 | Depths:5 | Noticed Boris
 49982 | Depths:5 | Killed Boris
 50126 | Depths:5 | Reached skill level 15 in Dodging
 50483 | Depths:5 | Found a gate to the Realm of Zot.
 51444 | Crypt:1  | Entered Level 1 of the Crypt
 53141 | Crypt:3  | Entered Level 3 of the Crypt
 53174 | Crypt:3  | Noticed Mennas
 53190 | Crypt:3  | Killed Mennas
 53449 | Crypt:3  | Identified the amulet of Anarchy {Regen+ Int-5 Dex+6 SInv} (You found it on level 3 of the Crypt)
 53450 | Crypt:3  | Identified the ring of Omotuesk {rPois rF+ rC+ rN+ Int+3} (You found it on level 3 of the Crypt)
 53716 | Crypt:3  | Found a staircase to the Tomb.
 53716 | Crypt:3  | Noticed an ancient lich
 53721 | Crypt:3  | Killed an ancient lich
 54050 | Crypt:3  | Found an ancient bone altar of Kikubaaqudgha.
 54077 | Crypt:3  | Noticed an ancient lich
 54084 | Crypt:3  | Killed an ancient lich
 54349 | Crypt:3  | Noticed Jory
 54355 | Crypt:3  | Killed Jory
 54358 | Crypt:3  | oplop: ??Jory
 54358 | Crypt:3  | beem: jory[1/2]: Unique vampire with crystal spear. And mesmerise. And crystal spear. No longer restricted to vaults! (And his tower isn't silent any more.)
 54358 | Crypt:3  | oplop: ??Jory[2
 54358 | Crypt:3  | beem: jory[2/2]: got his first kill 27 months after being added
 55169 | D:7      | Bought a scroll of acquirement for 728 gold pieces
 55170 | D:7      | Got a steaming platinum ring
 55171 | D:7      | Identified the ring of Laesch {*Slow rElec Dex+2 SInv} (You acquired it on level 7 of the Dungeon)
 55365 | D:14     | Killed Urug
 55532 | Hell     | Entered the Vestibule of Hell
 55532 | Hell     | Noticed Geryon
 55544 | Hell     | Killed Geryon
 55693 | Hell     | Found a gateway to the decaying netherworld of Tartarus.
 55779 | Hell     | Found a gateway to the freezing wastes of Cocytus.
 55932 | Hell     | Found a gateway to the Iron City of Dis.
 56000 | Hell     | Found a gateway to the ashen valley of Gehenna.
 56054 | Geh:1    | Entered Level 1 of Gehenna
 56124 | Geh:1    | oplop: ??zommbie
 56124 | Geh:1    | beem: zommbie ~ zombie[1/2]: There are two kinds of zombies, small and large. All zombies are created from a base monster type. Zombies are slightly slower, slightly clumsier, have no special attacks. It is very important to note that the zombie form of a normal speed monster is *slower* than normal speed!
 56188 | Geh:2    | oplop: ??gehenna
 56188 | Geh:2    | beem: gehenna[1/3]: The branch of damnation. Home of Asmodeus and the obsidian rune. Lots of lava, sticky flame, and damnation. Highest concentration of Fiends in any branch; High HP is recommended here.
 56188 | Geh:2    | oplop: ??gehenna[2
 56188 | Geh:2    | beem: gehenna[2/3]: Gehenna 7 is a fortress with a moat of lava. Entrance through moat on other side of where you enter the level. Lots of molten gargoyles, lava denizens, and Fiends. Asmodeus hangs out in the fortress, guarding the Obsidian Rune of Zot.
 56188 | Geh:2    | oplop: ??gehenna[3
 56188 | Geh:2    | beem: gehenna[3/3]: If you can fly and destroy stone, there is translucent stone past the lava lake on either side of the moat providing a possible alternative entry in at least one layout of Geh:7
 56630 | Geh:5    | You fall through a shaft!
 56716 | Geh:7    | Entered Level 7 of Gehenna
 56773 | Geh:7    | Gained mutation: Scrolls take you a little longer to read. [mutagenic glow]
 56787 | Geh:7    | Noticed the Serpent of Hell
 56801 | Geh:7    | Killed the Serpent of Hell
 56849 | Geh:7    | oplop: ??flight
 56849 | Geh:7    | beem: flight[1/3]: A status effect that allows you to move over deep water and lava. Removes the shallow water movement/attack/invisibility penalties, and reduces damage you take from Shatter. Monster airstrike will deal extra damage to you, however. Appears in potion and ring form. Gr, Te, and Black Dr can fly as a racial mutation. Was a spell until 0.17.
 56849 | Geh:7    | oplop: ??flight[2
 56849 | Geh:7    | beem: flight[2/3]: kryft: think of flight like... kryft: a treadmill and the treadmill is hovering and it goes forwards when you walk on it also the treadmill lets you pick up things from the floor
 56849 | Geh:7    | oplop: ??flight[3
 56849 | Geh:7    | beem: flight[3/3]: What percentage of gargoyles that died to shatter were flying? !lg * gr kaux=by_shatter / status~~flying
 56849 | Geh:7    | oplop: !lg * gr kaux=by_shatter / status~~flying
 56849 | Geh:7    | beem: 20/224 games for * (gr kaux=by_shatter): N=20/224 (8.93%)
 57158 | Geh:7    | Learned a level 5 spell: Bolt of Magma
 57181 | Geh:7    | Reached skill level 1 in Fire Magic
 57262 | Geh:7    | Reached skill level 8 in Conjurations
 57285 | Geh:7    | Got a twitching bronze ring
 57463 | Geh:7    | Noticed Asmodeus
 57480 | Geh:7    | Killed Asmodeus
 57480 | Geh:7    | Reached skill level 9 in Conjurations
 57488 | Geh:7    | Got an obsidian rune of Zot
 57493 | Geh:7    | Identified the ring "Ishroeri" {*Slow +Fly rC+ Int+2} (You took it off a red devil on level 7 of Gehenna)
 57608 | Geh:7    | Reached skill level 10 in Conjurations
 57678 | Dis:1    | Entered Level 1 of the Iron City of Dis
 58046 | Dis:3    | Reached skill level 11 in Conjurations
 58417 | Dis:7    | Entered Level 7 of the Iron City of Dis
 58447 | Dis:7    | Reached skill level 12 in Conjurations
 58486 | Dis:7    | Reached skill level 10 in Fire Magic
 58603 | Dis:7    | oplop: ??firestirm
 58603 | Dis:7    | beem: firestirm ~ firestorm ~ fire storm[1/3]: L9 fire/conj spell. Deals 55% resistible fire damage in a large radius and leaves behind fire clouds and {fire vortices}. Like glaciate, it makes a godawful racket when cast. Smite targeted.
 58667 | Dis:7    | Reached skill level 13 in Conjurations
 58767 | Dis:7    | oplop: ??hell beast
 58767 | Dis:7    | beem: hell beast[1/1]: An abominable crossbreed of beast and man that makes horrible barking noises. Bark bark bark bark bark. Tramples - look out!
 58767 | Dis:7    | oplop: @??hell beast
 58767 | Dis:7    | beem: hell beast (2)
                  | Spd:
    15 | HD: 7    | HP: 64-99
                  | AC/EV: 5/14
                  | Dam: 28, 20(trample)
                  | demonic, doors, fighter, evil
                  | Res: magic(20), rot, neg+++, torm
                  | Vul: holy
                  | XP:
   970 | Sz: Large | Int: human.
 58844 | Dis:7    | Reached skill level 14 in Conjurations
 58882 | Dis:7    | Noticed Dispater
 59032 | Dis:7    | Killed Dispater
 59124 | Dis:7    | Got an iron rune of Zot
 59266 | Dis:7    | Reached skill level 15 in Conjurations
 59366 | Coc:1    | Entered Level 1 of Cocytus
 59725 | Coc:5    | Reached skill level 16 in Conjurations
 59792 | Coc:7    | Entered Level 7 of Cocytus
 59835 | Coc:7    | Reached skill level 15 in Fire Magic
 59880 | Coc:7    | Reached skill level 17 in Conjurations
 60229 | Coc:7    | Reached skill level 18 in Conjurations
 60367 | Coc:7    | Noticed Antaeus
 60391 | Coc:7    | Killed Antaeus
 60440 | Coc:7    | Got an icy rune of Zot
 60482 | Hell     | oplop: ??cocytus
 60482 | Hell     | beem: cocytus[1/1]: The frozen Hell. Beware of Ice Fiends. Ruled by Antaeus. Home of the icy rune. You will need flight for the last level.
 60482 | Hell     | oplop: ??antaeus
 60482 | Hell     | beem: antaeus[1/3]: This guy resides in Cocytus:7 and guards the icy rune. Unlike his demonic counterparts he does not summon and only has flash freeze and lightning bolt spells at his disposal, but he hits like a ton of bricks and has a massive amount of HP. Bring cold resistance, lots of it. Swims, has no rPois and is vulnerable to fire.
 60843 | Snake:4  | Bought a book of Annihilations for 1987 gold pieces
 60853 | Snake:4  | Learned a level 9 spell: Fire Storm
 61192 | Tar:1    | Entered Level 1 of Tartarus
 61417 | Tar:3    | Reached skill level 19 in Conjurations
 61730 | Tar:6    | oplop: ??Tzitzimitl
 61730 | Tar:6    | beem: tzitzimitl[1/3]: Replacement for shadow fiends in 0.18. Slightly buffer, casts Dispel Undead and Symbol of Torment more often, melee creates a ring of miasma clouds around the target (half of all hits, triggers regardless of damage, places under friendlies with rRot and hostiles but not the target, clouds last 6-10 turns)
 61730 | Tar:6    | oplop: @??Tzitzimitl
 61730 | Tar:6    | beem: Tzitzimitl (1)
                  | Spd:
    10 | HD: 22   | HP: 84-124
                  | AC/EV: 12/16
                  | Dam: 25(drain speed), 25(rot)
                  | demonic, doors, evil, see invisible, fly
                  | Res: magic(immune), cold++, elec, poison, rot, neg+++, torm
                  | Vul: holy
                  | XP: 3363
                  | Sp: b.cold (3d32) [!sil], b.draining (3d29) [!sil], s.torment [!sil], dispel undead (3d32) [!sil]
                  | Sz: Large
                  | Int: human.
 61730 | Tar:6    | oplop: ??Tzitzimitl[2
 61730 | Tar:6    | beem: tzitzimitl[2/3]: tsee-tsee-mee-tl (pronounced like t with the tongue held in a postion for l)
 61730 | Tar:6    | oplop: ??Tzitzimitl[3
 61730 | Tar:6    | beem: tzitzimitl[3/3]: If you want to avoid dispel undead (and you should - it'll kill you), keep the fiend beyond 6 squares and blast from afar.
 61757 | Tar:6    | Learned a level 8 spell: Lehudib's Crystal Spear
 61770 | Tar:7    | Entered Level 7 of Tartarus
 61846 | Tar:7    | oplop: ??silent spectre
 61846 | Tar:7    | beem: silent spectre[1/1]: A weak ghost that spawns in Crypt. It radiates silence over a huge area (bigger than LOS). Will happily follow you around and trivialise all spellcasting enemies, if you're a fighter. Cannot use stairs.
 61855 | Tar:7    | Noticed an ancient lich
 61856 | Tar:7    | Noticed an ancient lich
 61860 | Tar:7    | Killed an ancient lich
 61862 | Tar:7    | Killed an ancient lich
 61867 | Tar:7    | Found the ring of Robustness {AC+8}
 61982 | Tar:7    | Reached skill level 20 in Conjurations
 62252 | Tar:7    | Found the +0 mask of the Dragon {MR+ Slay+3 SInv}
 62360 | Tar:7    | Reached skill level 15 in Ice Magic
 62378 | Tar:7    | Got a sparkling glass ring
 62381 | Tar:7    | Identified the cursed ring of Dionoc {rC+ AC-3 Int+2 SInv} (You found it on level 7 of Tartarus)
 62481 | Tar:7    | Reached skill level 21 in Conjurations
 62560 | Tar:7    | Learned a level 9 spell: Glaciate
 62571 | Tar:7    | oplop: ??ruinous
 62571 | Tar:7    | beem: 2457 games for devteam (title=ruinous): 913x Neil, 241x KiloByte, 196x wheals, 155x 78291, 137x sorear, 109x MarvinPA, 96x Brannock, 61x dpeg, 51x rob, 51x pointless, 45x Zaba, 42x Napkin, 40x rax, 27x bh, 27x mumra, 26x bookofjude, 23x evilmike, 20x ontoclasm, 19x Sage, 16x doy, 15x Lasty, 15x haranp, 14x gammafunk, 13x PleasingFungus, 12x advil, 12x SGrunt, 12x itsmu, 11x Medar, 11x SamB, 10x ...
 62690 | Tar:7    | Noticed Ereshkigal
 62698 | Tar:7    | Killed Ereshkigal
 62743 | Tar:7    | Got a bone rune of Zot
 62924 | Depths:1 | Voluntarily entered the Abyss.
 63020 | Abyss:1  | Found a corrupted altar of Lugonu.
 64402 | Abyss:4  | Got an abyssal rune of Zot
 64724 | Abyss:4  | Reached skill level 22 in Conjurations
 64731 | Depths:1 | Escaped the Abyss
 64955 | Depths:3 | Got a scorched large shield
 64958 | Depths:3 | Identified the +2 large shield of the Buccaneer {*Contam Str+3 Dex+2 SInv} (You found it on level 3 of the Depths)
 66305 | Pan      | Entered Pandemonium
 66464 | Pan      | Noticed Voseaveah the pandemonium lord
 66472 | Pan      | Killed Voseaveah the pandemonium lord
 66613 | Pan      | Found an exit through the horrors of the Abyss.
 67027 | Pan      | Gained mutation: You are weak. (Str -2) [a neqoxec]
 67038 | Pan      | Noticed Contoigi the pandemonium lord
 67050 | Pan      | Killed Contoigi the pandemonium lord
 67172 | Pan      | Reached skill level 15 in Shields
 67187 | Pan      | Noticed Terghofyga the pandemonium lord
 67224 | Pan      | HP: 2/263 [hellion/damnation (16)]
 67224 | Pan      | Killed from afar by a hellion

Vault maps used:
D:1:      evilmike_arrival_run_for_it, minmay_strange_pillars,
          grunt_decor_fettered
D:2:      first_ration, kennysheep_okawaru_gauntlet
D:3:      chequers_big_river, lemuel_statue_altar, uniq_ijyb
D:4:      minmay_temple_entry_junction, serial_shops, kennysheep_mini_moat
D:5:      kennysheep_big_flooded_room, uniq_duvessa
D:6:      uniq_pikel
D:7:      serial_shops, kennysheep_mini, shop, nicolae_shop_stone,
          grunt_ogre_cave, uniq_prince_ribbit1, uniq_menkaure
D:8:      overflow_temple_1_default
D:10:     dpeg_oklobed_lair, grunt_ministairs_10
D:11:     minmay_coctagon, david_orc_4
D:12:     sword_in_stone
D:13:     david_vaults_4, uniq_nessos
D:14:     minmay_misc_feat_cross, uniq_urug
D:15:     grunt_enter_depths_snipers, basic_altar, hex_intersection
Temple:   compressed_dpeg_triangle_lava_temple
Lair:1:   infiniplex_staircase_pool_2
Lair:2:   minmay_snake_entry_spellcaster, infiniplex_staircase_pool
Lair:3:   cheibrodos_lair_lostbears, serial_bayou_shore_a, grunt_megastairs_1,
          uniq_sonja, uniq_nergalle
Lair:4:   minmay_shoals_entry_hut, grunt_megastairs_3
Lair:5:   nicolae_slime_entry_slimehenge, lab_entry_generic,
          grunt_forest_stairs_clearing, uniq_josephine
Lair:6:   evilmike_catoblepas_cave, special_room
Shoals:1: serial_shops, shop_statue
Shoals:2: serial_shops, bzr_entry_dummy, st_cyclops, uniq_frances,
          uniq_polyphemus
Shoals:4: shoals_end_grunt_ice, shoals_ilsuiw_alternative, serial_shops, shop,
          shop_statue, shop, nicolae_shoals_isolated_beach
Snake:2:  uniq_roxanne
Snake:3:  basic_altar, uniq_vashnia
Snake:4:  grunt_snake_rune_pools, serial_shops, nicolae_shop_window_shopping,
          uniq_kirke, uniq_jorgrun, uniq_nikola
Orc:1:    basic_altar, uniq_erica
Orc:2:    grunt_orc_community_town_hall, grunt_orc_community_big_house_2,
          grunt_orc_community_big_house_1, grunt_orc_community_house_2,
          grunt_orc_community_house_2, grunt_orc_community_house_2,
          grunt_orc_community_house_3, grunt_orc_community_house_1,
          grunt_orc_community_house_1, uniq_snorg
Elf:1:    serial_shops, shop_statue, minivault_28, uniq_agnes
Elf:2:    uniq_aizul
Elf:3:    minmay_elf_hall_four_x
Vaults:1: st_octagons_2, vaults_dpeg_cross, vaults_mumra_hexcomb,
          nicolae_vaults_border_crossing, dpeg_vaults_monster_box,
          vaults_mumra_minichess, vaults_room_door_hall, serial_shops,
          nicolae_shop_crystal
Vaults:2: hangedman_vaults_stitches, v_rooms_6, v_rooms_2,
          nicolae_vaults_angled_halls, dpeg_vaults_monster_row,
          vaults_dpeg_diagonal, vaults_mumra_chevron_long,
          ontoclasm_vaults_chip, vaults_room_corners, nicolae_vaults_rhombus_6,
          uniq_bai_suzhen
Vaults:3: grunt_vaults_hallway_long, nicolae_vaults_big_angled_halls,
          nicolae_vaults_little_squares_4, vaults_room_grunt_arrival_checkpoint,
          v_pattern_3, ontoclasm_vaults_fault, nicolae_vaults_yaktaur_gun_rack,
          ontoclasm_vaults_bender, hangedman_vaults_stretched_pinwheel
Vaults:4: nicolae_vaults_what_the_h, grunt_tower_of_power, grunt_vaults_focal,
          v_misc_11, nicolae_vaults_asterisk, ontoclasm_vaults_idyll, v_misc_27,
          vaults_dpeg_doors, v_alt_pattern_6, nicolae_vaults_little_squares_6,
          hangedman_vaults_stretched_pinwheel
Vaults:5: serial_shops
Crypt:1:  st_stairs_9, st_shrine_of_skulls, grunt_crypt_arrival_split,
          grunt_megastairs_2
Crypt:3:  quadcrypt_mu, uniq_jory, uniq_mennas
Depths:1: minmay_the_grid_square_5x5_5x5_mashed, minivault_11, abyss_entry,
          special_room, hell_entry, lightli_corner_chamber
Depths:2: hangedman_slaughterboxes, abyss_entry, hell_entry
Depths:3: hangedman_screamer, enter_ziggurat_b, hell_entry, nrook_mini_vaults,
          rand_demon_pan_entry_4, uniq_asterion
Depths:4: minmay_ambush_box, serial_glass, glass_columns_b, glass_columns_a,
          hell_entry, serial_shops, shop, mu_enter_wizlab_6, abyss_entry,
          infiniplex_staircase_zigzag_5, basic_stair_grate_trap
Depths:5: grunt_zot_entry_gee_three, pf_hell_entry_great_geh,
          serial_co_window_serial, co_window_corner_a, co_window_paths_b,
          co_window_paths_a, co_window_paths_b, co_window_paths_b,
          co_window_corner_b, co_window_corner_b, co_window_of_opportunity_c,
          co_window_corner_b, co_window_cross_4, co_window_corner_cb,
          glass_columns_c, glass_columns_c, serial_bayou_shore_b, abyss_entry,
          uniq_boris
Dis:7:    iron_city_of_dis
Geh:1:    hangedman_elemental_grid_stream
Geh:3:    hangedman_generic_boss_arena
Geh:4:    lemuel_flamethrower_2
Geh:5:    gehenna_fire_generator, gehenna_fire_generator,
          hangedman_hellfire_club
Geh:7:    geh_grunt_pentagon
Coc:7:    coc_dpeg
Tar:2:    nicolae_tar_cuneiform_bread
Tar:5:    minmay_shadows, grunt_megastairs_4
Tar:7:    tar_old
Abyss:3:  hangedman_decor_riveting
Abyss:4:  evilmike_abyss_exit_17, nicolae_abyss_rune_star_stuff
Pan:      rand_demon_8, reaverb_pan_squares, grunt_pan_pentagram, rand_demon_2,
          pan_disco_hall, pan_blood_fountain, pan_blood_fountain_2,
          grunt_pan_frozen_over, nicolae_pan_mnolegish_1, rand_demon_5,
          pan_blood_fountain_small, evilmike_mini_pan_corner,
          pan_blood_fountain, pan_blood_fountain_2, grunt_pan_pentagram,
          evilmike_mini_pan_corridor, lemuel_hellion_island, pan_captured_pigsty
Lab:      labyrinth_mini_lab, nicolae_lab_quarters, nicolae_lab_big_swirl,
          labyrinth_skeletal_remains, nicolae_lab_stuck
Bazaar:   bazaar_jpeg_cross
WizLab:   wizlab_zonguldrok

Skill      XL: |  1  2  3  4  5  6  7  8  9 10 11 12 13 14 15 16 17 18 19 20 21 22 23 24 25 26 27 |
---------------+----------------------------------------------------------------------------------+-----
Fighting       | 1 2 3 4 5 6 7 12 14 15 20 | 20.4
Spellcasting   | 3 4 5 6 7 8 9 10 11 13 14 16 17 18 19 | 19.9
Ice Magic      | 4 5 6 8 9 10 16 | 16.2
Dodging        | 3 4 5 6 7 8 11 13 14 20 | 20.0
Summonings     | 2 |  2.0
Invocations    | 3 5 8 9 11 13 15 17 18 20 | 20.2
Conjurations   | 6 7 22 | 22.0
Shields        | 4 9 10 15 | 15.2
Air Magic      | 2 8 11 13 14 16 17 19 20 | 20.1
Transmutations | 10 | 10.2
Earth Magic    | 4 |  4.0
Unarmed Combat | 7 9 10 13 15 17 | 17.6
Evocations     | 13 15 17 | 17.5
Fire Magic     | 17 | 17.4
Stealth        | |  2.6

Action                   |  1- 3 |  4- 6 |  7- 9 | 10-12 | 13-15 | 16-18 | 19-21 | 22-24 | 25-27 || total
-------------------------+-------+-------+-------+-------+-------+-------+-------+-------+-------++-------
Melee: Unarmed           |    80 |       |       |       |    10 |   583 |   621 |   615 |  3878 ||  5787
       Constrict         |    24 |    36 |    31 |    62 |    93 |    91 |   137 |    85 |   637 ||  1196
       Tentacles         |    14 |    19 |    26 |   126 |   225 |   214 |   264 |   238 |  1292 ||  2418
       Short sword       |    13 |   118 |    77 |       |       |       |       |       |       ||   208
       Whip              |       |       |    67 |   326 |   513 |       |       |       |       ||   906
       Punch             |       |       |       |       |       |    66 |    98 |   125 |   866 ||  1155
       Staff             |       |       |       |       |       |       |    14 |       |    10 ||    24
       Bite              |       |       |       |       |       |       |    49 |   140 |   798 ||   987
 Cast: Freeze            |    22 |    42 |    53 |     4 |     3 |       |       |       |       ||   124
       Ozocubu's Armour  |       |     7 |    26 |    80 |    82 |     3 |       |       |     2 ||   200
       Summon Ice Beast  |       |       |    18 |   103 |    82 |     7 |       |       |       ||   210
       Throw Icicle      |       |       |     3 |    47 |    77 |    19 |    14 |     2 |    68 ||   230
       Regeneration      |       |       |       |    11 |     7 |    28 |    53 |    27 |   313 ||   439
       Freezing Cloud    |       |       |       |       |    41 |    54 |    53 |    34 |    38 ||   220
       Mephitic Cloud    |       |       |       |       |     2 |       |       |       |       ||     2
       Statue Form       |       |       |       |       |     1 |    78 |    79 |    52 |   319 ||   529
       Tornado           |       |       |       |       |       |       |     4 |     5 |    60 ||    69
       Deflect Missiles  |       |       |       |       |       |       |       |     1 |    10 ||    11
       Fire Storm        |       |       |       |       |       |       |       |       |    21 ||    21
       Glaciate          |       |       |       |       |       |       |       |       |     9 ||     9
       Apportation       |       |       |       |       |       |       |       |       |     4 ||     4
       Lehudib's Crystal |       |       |       |       |       |       |       |       |     3 ||     3
Invok: Slouch            |       |       |       |     3 |     9 |     4 |     1 |     3 |    12 ||    32
       Bend Time         |       |       |       |     1 |     6 |     4 |     4 |     4 |    34 ||    53
       Temporal Distorti |       |       |       |       |     3 |     3 |     4 |     2 |    17 ||    29
       Step From Time    |       |       |       |       |     1 |       |     2 |     1 |     5 ||     9
 Abil: End Transformatio |       |       |       |       |       |       |       |       |     4 ||     4
       Evoke Blink       |       |       |       |       |       |       |       |       |     1 ||     1
Evoke: Wand              |       |     1 |     2 |       |     3 |     1 |       |       |    15 ||    22
       Staff of energy   |       |       |       |       |       |       |       |       |   109 ||   109
  Use: Scroll            |       |     3 |    14 |    17 |     9 |     7 |    14 |    12 |    29 ||   105
       Potion            |       |       |     1 |     2 |     3 |       |     3 |     5 |    18 ||    32
 Stab: Sleeping          |     8 |    10 |    10 |    11 |     8 |     4 |     6 |     4 |     3 ||    64
       Distracted        |       |       |       |    10 |     8 |     1 |     2 |       |     4 ||    25
  Eat: Chunk             |     2 |     4 |     4 |     6 |     2 |     1 |     1 |       |       ||    20
       Ration            |       |     2 |     1 |     3 |     6 |     5 |     6 |     5 |    25 ||    53
Armor: Skin              |     5 |    22 |    50 |    67 |   117 |   420 |   396 |   330 |  1402 ||  2809
Dodge: Dodged            |    67 |   132 |   167 |   291 |   419 |   804 |   805 |   721 |  6168 ||  9574
       Deflected         |       |       |       |       |       |       |       |    11 |   138 ||   149
Block: Other             |       |       |    15 |    65 |       |       |       |       |       ||    80
       Reflection        |       |       |       |     5 |    53 |   170 |   117 |       |       ||   345
       Buckler           |       |       |       |    71 |   487 |   915 |   731 |   470 |  3360 ||  6034
       Shield            |       |       |       |       |       |       |       |       |   133 ||   133

Table legend:
 A = Spawn XP
 B = Non-spawn XP
 C = Spawn XP percentage of total XP
 D = Spawn monster count
 E = Non-spawn monster count
 F = Spawn count percentage of total count
 G = Total turns spent on level
                    A         B        C        D         E        F      G
               +---------+---------+-------+---------+---------+-------+---------
         Total |   83491 | 2751610 |   2.9 |     134 |    3997 |   3.2 | 67224
               +---------+---------+-------+---------+---------+-------+---------
           D:1 |       0 |      45 |   0.0 |       0 |      19 |   0.0 |  1140
           D:2 |       0 |      73 |   0.0 |       0 |      25 |   0.0 |  1260
           D:3 |       0 |      89 |   0.0 |       0 |      12 |   0.0 |  1114
           D:4 |       0 |     807 |   0.0 |       0 |      45 |   0.0 |  1612
           D:5 |       0 |     987 |   0.0 |       0 |      20 |   0.0 |  1066
           D:6 |       0 |     638 |   0.0 |       0 |       7 |   0.0 |   859
           D:7 |       0 |    1128 |   0.0 |       0 |      19 |   0.0 |   692
           D:8 |       0 |    1614 |   0.0 |       0 |      21 |   0.0 |  1407
           D:9 |       0 |    3127 |   0.0 |       0 |      31 |   0.0 |  1431
          D:10 |       0 |    4612 |   0.0 |       0 |      44 |   0.0 |  2440
          D:11 |       0 |    4500 |   0.0 |       0 |      47 |   0.0 |  1638
          D:12 |       0 |    6044 |   0.0 |       0 |      22 |   0.0 |  1260
          D:13 |       0 |    6401 |   0.0 |       0 |      23 |   0.0 |  1789
          D:14 |       0 |   14097 |   0.0 |       0 |      48 |   0.0 |  1124
          D:15 |       0 |   18020 |   0.0 |       0 |      39 |   0.0 |  1365
        Lair:1 |       0 |    1794 |   0.0 |       0 |      11 |   0.0 |  1178
        Lair:2 |       0 |    2987 |   0.0 |       0 |      19 |   0.0 |  1185
        Lair:3 |       0 |    4633 |   0.0 |       0 |      17 |   0.0 |  1113
        Lair:4 |       0 |    3461 |   0.0 |       0 |      17 |   0.0 |  1075
        Lair:5 |       0 |    5603 |   0.0 |       0 |      37 |   0.0 |   765
        Lair:6 |       0 |   22393 |   0.0 |       0 |      62 |   0.0 |  1698
      Shoals:1 |       0 |   19848 |   0.0 |       0 |      35 |   0.0 |   958
      Shoals:2 |       0 |   28107 |   0.0 |       0 |      43 |   0.0 |   665
      Shoals:3 |       0 |   27366 |   0.0 |       0 |      55 |   0.0 |   708
      Shoals:4 |       0 |   50939 |   0.0 |       0 |      84 |   0.0 |  1158
       Snake:1 |       0 |   22842 |   0.0 |       0 |      48 |   0.0 |  1504
       Snake:2 |       0 |   25240 |   0.0 |       0 |      42 |   0.0 |   901
       Snake:3 |       0 |   19889 |   0.0 |       0 |      24 |   0.0 |  1246
       Snake:4 |       0 |   56036 |   0.0 |       0 |      87 |   0.0 |  1274
         Orc:1 |       0 |    7414 |   0.0 |       0 |      45 |   0.0 |  1038
         Orc:2 |       0 |    8348 |   0.0 |       0 |     101 |   0.0 |  1437
         Elf:1 |       0 |   24143 |   0.0 |       0 |      34 |   0.0 |  1144
         Elf:2 |       0 |   21598 |   0.0 |       0 |      37 |   0.0 |   525
         Elf:3 |       0 |   97289 |   0.0 |       0 |      95 |   0.0 |  1842
      Vaults:1 |       0 |   60576 |   0.0 |       0 |      87 |   0.0 |  1373
      Vaults:2 |       0 |   39304 |   0.0 |       0 |      59 |   0.0 |  1303
      Vaults:3 |       0 |   34753 |   0.0 |       0 |      46 |   0.0 |  1236
      Vaults:4 |       0 |   59627 |   0.0 |       0 |      78 |   0.0 |   999
      Vaults:5 |       0 |  173942 |   0.0 |       0 |     129 |   0.0 |  1273
       Crypt:1 |       0 |   47893 |   0.0 |       0 |      74 |   0.0 |   791
       Crypt:2 |       0 |   33939 |   0.0 |       0 |      47 |   0.0 |   953
       Crypt:3 |       0 |   82125 |   0.0 |       0 |      82 |   0.0 |  1338
      Depths:1 |       0 |  114247 |   0.0 |       0 |     115 |   0.0 |  1559
      Depths:2 |       0 |   95373 |   0.0 |       0 |      86 |   0.0 |  1480
      Depths:3 |       0 |   87294 |   0.0 |       0 |      93 |   0.0 |  1137
      Depths:4 |       0 |   57438 |   0.0 |       0 |      59 |   0.0 |   894
      Depths:5 |       0 |   63400 |   0.0 |       0 |      51 |   0.0 |  1059
          Hell |       0 |   82920 |   0.0 |       0 |     112 |   0.0 |   685
         Dis:1 |       0 |    3621 |   0.0 |       0 |      18 |   0.0 |   169
         Dis:2 |       0 |   14925 |   0.0 |       0 |      18 |   0.0 |    99
         Dis:3 |       0 |   15378 |   0.0 |       0 |      34 |   0.0 |   121
         Dis:5 |       0 |   17368 |   0.0 |       0 |      27 |   0.0 |   186
         Dis:6 |       0 |   16820 |   0.0 |       0 |      25 |   0.0 |   151
         Dis:7 |       0 |  159800 |   0.0 |       0 |     157 |   0.0 |   913
         Geh:1 |       0 |   18615 |   0.0 |       0 |      39 |   0.0 |    75
         Geh:2 |       0 |   18536 |   0.0 |       0 |      40 |   0.0 |    87
         Geh:3 |       0 |   27077 |   0.0 |       0 |      60 |   0.0 |   148
         Geh:4 |       0 |   30399 |   0.0 |       0 |      65 |   0.0 |   213
         Geh:5 |       0 |    5188 |   0.0 |       0 |       8 |   0.0 |    55
         Geh:6 |       0 |   22024 |   0.0 |       0 |      40 |   0.0 |    86
         Geh:7 |       0 |  156002 |   0.0 |       0 |     175 |   0.0 |   923
         Coc:1 |       0 |    1636 |   0.0 |       0 |      10 |   0.0 |    31
         Coc:2 |       0 |   10646 |   0.0 |       0 |      18 |   0.0 |    67
         Coc:3 |       0 |   17376 |   0.0 |       0 |      53 |   0.0 |   108
         Coc:5 |       0 |   28275 |   0.0 |       0 |      51 |   0.0 |   182
         Coc:6 |       0 |    5750 |   0.0 |       0 |      10 |   0.0 |    35
         Coc:7 |       0 |  166583 |   0.0 |       0 |     133 |   0.0 |   689
         Tar:1 |       0 |    8777 |   0.0 |       0 |      13 |   0.0 |    65
         Tar:2 |       0 |   32112 |   0.0 |       0 |      39 |   0.0 |   145
         Tar:3 |       0 |    5285 |   0.0 |       0 |       7 |   0.0 |    86
         Tar:4 |       0 |   11132 |   0.0 |       0 |      21 |   0.0 |    93
         Tar:5 |       0 |    7498 |   0.0 |       0 |      14 |   0.0 |    69
         Tar:6 |       0 |   26364 |   0.0 |       0 |      18 |   0.0 |   120
         Tar:7 |       0 |  195396 |   0.0 |       0 |     219 |   0.0 |  1089
       Abyss:1 |   27878 |   26586 |  51.2 |      40 |      70 |  36.4 |  1070
       Abyss:2 |    4314 |    2962 |  59.3 |       5 |       9 |  35.7 |   191
       Abyss:3 |    6619 |     920 |  87.8 |       7 |       3 |  70.0 |   137
       Abyss:4 |   40044 |   22775 |  63.7 |      74 |      33 |  69.2 |   409
           Pan |    4636 |  111095 |   4.0 |       8 |     103 |   7.2 |   919
           Lab |       0 |     991 |   0.0 |       0 |       1 |   0.0 |   222
        WizLab |       0 |   18755 |   0.0 |       0 |      33 |   0.0 |   231
               +---------+---------+-------+---------+---------+-------+---------
